Map: Cerulean Fall LE

Players

ETpwnHome

  • Race: Zerg Zerg
  • League: Grandmaster
  • Spawn Location: 1:00

Larry - Winner!

  • Race: Protoss Protoss
  • League: Master
  • Spawn Location: 7:00

VOD

Have the link to the VOD?

Description

Example of 23 glaive adept build generated by ProboEngine.com.

Time

  • Played on: Sept. 29, 2018, 11:40 a.m.
  • Length: 6:46
Show
View Real Time Build Order
Export as new Build Order

ETpwnHome Zerg 

Build Orders: Hatch First 

Get SALT Encoding   

  12  0:01  Drone  
  13  0:13  Overlord  
  13  0:18  Drone  
  14  0:32  Drone x2  
  16  0:50  Hatchery  
  16  0:53  Drone  
  16  0:56  Drone  
  17  1:00  Drone  
  18  1:12  Extractor  
  18  1:17  Spawning Pool  
  16  1:20  Drone  
  16  1:22  Drone  
  18  1:30  Drone  
  19  1:40  Overlord  
  19  1:51  Drone  
  20  2:02  Drone x2  
  20  2:03  Queen x2  
  26  2:13  Drone x2  
  28  2:15  Metabolic Boost  
  28  2:28  Zergling x4  
  30  2:48  Queen  
  30  2:50  Hatchery  
  30  2:51  Overlord  
  31  2:52  Drone  
  31  2:53  Drone  
  33  2:59  Queen  
  33  3:02  Drone  
  36  3:16  Overlord  
  36  3:18  Zergling x10  
  41  3:23  Overlord  
  41  3:28  Queen  
  41  3:33  Overlord  
  43  3:35  Drone  
  43  3:37  Drone  
  43  3:40  Drone  
  46  3:45  Drone x2  
  48  3:53  Baneling Nest, Drone  
  48  3:54  Drone  
  49  4:03  Queen  
  49  4:09  Drone x4  
  55  4:10  Zergling x2  
  55  4:13  Zergling x4  
  55  4:16  Zergling x2  
  55  4:17  Zergling x2  
  60  4:19  Zergling x4  
  62  4:28  Zergling x6  
  65  4:35  Spine Crawler  
  65  4:36  Baneling x6  
  64  4:40  Extractor, Drone  
  64  4:41  Drone x3  
  65  5:06  Zergling x18  
  56  5:17  Zergling x14  
  59  5:34  Drone x5  
  49  5:59  Baneling x7  
  49  6:00  Zergling x10  
  40  6:11  Drone x3  
  40  6:12  Drone  
  34  6:21  Drone  
Show
View Real Time Build Order
Export as new Build Order

Larry Protoss - Winner!

Build Orders: 1 Gate Expand, Mass Adepts 

Get SALT Encoding   

  12  0:01  Probe  
  13  0:13  Probe  
  14  0:17  Pylon  
  14  0:25  Probe  
  15  0:37  Probe, Gateway  
  16  0:49  Probe  
  17  0:51  Assimilator  
  17  1:01  Probe  
  18  1:13  Probe  
  19  1:21  Nexus  
  19  1:25  Probe  
  19  1:32  Cybernetics Core  
  20  1:37  Probe  
  21  1:42  Pylon  
  21  1:50  Probe  
  22  2:00  Warp Gate  
  22  2:02  Probe  
  23  2:09  Adept  
  23  2:14  Probe  
  26  2:15  Gateway  
  26  2:17  Gateway  
  26  2:22  Assimilator  
  26  2:26  Probe  
  27  2:36  Adept  
  29  2:38  Probe  
  29  2:39  Probe  
  29  2:44  Gateway  
  31  2:50  Probe  
  32  2:54  Probe  
  33  3:01  Twilight Council  
  33  3:04  Adept  
  35  3:08  Adept  
  37  3:13  Adept  
  37  3:17  Resonating Glaives  
  37  3:18  Probe x2  
  41  3:22  Pylon  
  41  3:31  Adept x2  
  45  3:40  Adept  
  47  3:44  Adept  
  49  3:49  Pylon  
  49  4:06  Adept  
  49  4:08  Adept  
  53  4:15  Pylon  
  53  4:17  Adept  
  53  4:18  Adept  
  57  4:24  Adept x2  
  57  4:29  Pylon  
  61  4:33  Adept x2  
  65  4:39  Adept  
  65  4:40  Adept  
  69  4:55  Adept x2  
  56  5:14  Probe  
  56  5:21  Probe  
  57  5:26  Probe  
  57  5:27  Adept  
  57  5:28  Adept x2  
  64  5:29  Adept  
  64  5:32  Pylon  
  64  5:33  Probe  
  67  5:38  Probe  
  64  5:45  Probe  
  63  5:50  Probe  
  63  5:55  Adept  
  63  5:56  Adept x3  
  72  5:57  Probe  
  72  6:02  Probe  
  74  6:10  Probe  
  73  6:17  Probe  
  72  6:22  Probe  
  72  6:24  Adept x2  
  72  6:25  Adept x2  
  81  6:28  Assimilator  
  81  6:32  Stargate  
  69  6:33  Assimilator, Stargate  
  69  6:38  Pylon  
  70  6:40  Pylon  
Tags
 
Add a new tag
Caveats
  • Supply blocks, unpowered buildings, or Contaminate may cause inaccurate times.
  • Supply counts are checked every 10 seconds.